 Dungeon Crawl Stone Soup version 0.21-a0-154-gb5400c9 (webtiles) character file.

1115 KarmaPolice the Slinger (level 8, -1/54 HPs)
             Began as a Halfling Hunter on July 30, 2017.
             Was a Follower of Okawaru.
             Slain by an ice beast (14 damage)
             ... on level 5 of the Dungeon on Aug 2, 2017.
             The game lasted 00:24:04 (7140 turns).

KarmaPolice the Slinger (Halfling Hunter)           Turns: 7140, Time: 00:24:05

Health: -1/54      AC:  6    Str: 14    XL:     8   Next: 60%
Magic:  8/10       EV: 19    Int:  9    God:    Okawaru [*.....]
Gold:   228        SH:  0    Dex: 16    Spells: 7/7 levels left

rFire    . . .     SeeInvis .   n - +0 dagger (venom)
rCold    . . .     Gourm    .   (shield restricted)
rNeg     . . .     Faith    .   p - +0 leather armour (curse)
rPois    .         Spirit   .   u - +0 helmet
rElec    .         Reflect  .   h - +0 cloak
rCorr    .         Harm     .   (no gloves)
MR       .....                  (no boots)
Stlth    +++.......             (no amulet)
HPRegen  0.18/turn              (no ring)
MPRegen  0.12/turn              (no ring)

@: heroism
A: mutation resistance 1
a: Heroism, Renounce Religion


You were on level 5 of the Dungeon.
You worshipped Okawaru.
Okawaru was aware of your devotion.
You were hungry.

You visited 2 branches of the dungeon, and saw 6 of its levels.
You also visited: Sewer.

You collected 228 gold pieces.

Inventory:

Hand Weapons
 a - a +1 hunting sling
 b - a +0 short sword
 n - a +0 dagger of venom (weapon)
Missiles
 d - 43 sling bullets
 g - 319 stones (quivered)
Armour
 c - a +0 leather armour
 h - a +0 cloak (worn)
 p - a cursed +0 leather armour (worn)
 u - a +0 helmet (worn)
 L - a cursed +0 robe
Magical Staves
 H - an uncursed staff of conjuration {unknown}
Wands
 J - a wand of flame (42/48)
Scrolls
 e - 5 scrolls of teleportation
 i - a scroll of immolation
 j - a scroll of noise {unknown}
 l - 2 scrolls of identify {unknown}
 m - 2 scrolls of enchant armour {unknown}
 o - 4 scrolls of fog
 r - 2 scrolls of remove curse {unknown}
 s - 5 scrolls of recharging
 y - 2 scrolls of enchant weapon {unknown}
 B - a scroll of blinking {unknown}
 I - 2 scrolls of magic mapping {unknown}
Potions
 k - a potion of agility
 q - a potion of resistance
 v - a potion of haste
 x - a potion of ambrosia
 z - a potion of might {unknown}
 A - a potion of lignification {unknown}
 C - 4 potions of heal wounds {unknown}
 D - 2 potions of magic {unknown}
 E - a potion of curing {unknown}
 K - 2 potions of mutation {unknown}
Comestibles
 f - 4 bread rations
 w - 3 meat rations
 G - 2 royal jellies


   Skills:
 - Level 4.1(9.1) Fighting
 + Level 5.8(10.8) Short Blades
 + Level 9.6(14.6) Slings
 + Level 3.2(8.2) Armour
 - Level 2.1(7.1) Dodging
 - Level 1.1(6.1) Stealth
 + Level 2.9 Invocations


You had 7 spell levels left.
You didn't know any spells.

Dungeon Overview and Level Annotations

Branches:
Dungeon (5/15)             Temple (1/1) D:4

Altars:
Ashenzari
Elyvilon
Fedhas
Hepliaklqana
Kikubaaqudgha
Nemelex Xobeh
Okawaru
Ru
Trog
Vehumet
Wu Jian
Xom
The Shining One

Annotations:
D:4 p0werm0de's ghost, amateur DsAr
D:5 Dowan


Innate Abilities, Weirdness & Mutations

You are small and have problems with some larger weapons.
You are somewhat resistant to further mutation.


Message History

The ice beast closely misses you.
You barely miss the ice beast.
The ice beast is moderately wounded.
You hit the ice beast but do no damage.
The ice beast is moderately wounded.
The ice beast hits you. The ice beast freezes you!
You hit the ice beast.
The ice beast is heavily wounded.
You hit the ice beast but do no damage.
The ice beast is heavily wounded.
The ice beast hits you. The ice beast freezes you!
* * * LOW HITPOINT WARNING * * *
You hit the ice beast but do no damage.
The ice beast is heavily wounded.
You hit the ice beast.
The ice beast is heavily wounded.
The ice beast hits you.
* * * LOW HITPOINT WARNING * * *
The ice beast freezes you!
You die...

#..# #..............# #..#
##.## ##.....Y.......###..#
##.# ##........Y....#....
#.## ##.....[.........##
##.## ####
##............#### ##..#
#..### ##..........##
##.#.###....## ##.........#
#..#..#......#####........#
#..##.#.......@Y.........##
#..##)[.......######.....#
####..#........## #..#..#
##.##.........# #...###
##.###.........## ##..#
##.## ###..(.....# ..#
###...## ##.......## ..#
#......## ###....<.##
#.......# ###.....#


You could see an ice beast.

Vanquished Creatures
  Duvessa (D:5)
  An ogre (D:3)
  2 bullfrogs (Sewer)
  A crimson imp (D:5)
  2 bullfrog zombies (D:5)
  A bullfrog skeleton (D:5)
  4 orc wizards (D:5)
  2 hounds
  An orc priest (D:5)
  Natasha (D:2)
  2 worker ants (D:4)
  A howler monkey zombie (D:5)
  Robin (D:2)
  3 gnolls (D:5)
  14 adders
  A howler monkey skeleton (D:5)
  5 river rats (Sewer)
  3 worms (D:2)
  2 dart slugs
  6 leopard geckos
  11 orcs
  11 ball pythons
  2 giant cockroaches
  25 goblins
  10 hobgoblins
  3 jackals (D:5)
  4 quokkas
  9 bats
  5 frilled lizards
  9 kobolds
  31 rats
174 creatures vanquished.

Notes
Turn   | Place    | Note
-------+----------+-------------------------------------------
     0 | D:1      | KarmaPolice the Halfling Hunter began the quest for the Orb.
     0 | D:1      | Reached XP level 1. HP: 14/14 MP: 1/1
    94 | D:1      | Reached skill level 6 in Slings
   146 | D:1      | Reached XP level 2. HP: 18/19 MP: 2/2
   241 | D:1      | Reached skill level 1 in Short Blades
   545 | D:1      | Reached XP level 3. HP: 23/24 MP: 3/3
  1332 | D:2      | Noticed Robin
  1380 | D:2      | Killed Robin
  1380 | D:2      | Reached XP level 4. HP: 28/30 MP: 4/4
  1593 | D:2      | Found a bloodstained altar of Trog.
  1851 | D:2      | Reached skill level 7 in Slings
  1890 | D:2      | Noticed Natasha
  2086 | D:2      | Killed Natasha
  2086 | D:2      | Reached XP level 5. HP: 18/36 MP: 5/5
  2430 | D:3      | Found a glowing golden altar of the Shining One.
  2448 | D:3      | Found a glowing drain.
  2468 | Sewer    | Entered a sewer
  3060 | Sewer    | Reached XP level 6. HP: 24/42 MP: 6/6
  3520 | Sewer    | Upgraded the game from 0.21-a0-151-ga4fe563 to 0.21-a0-154-gb5400c9
  3570 | Sewer    | Reached skill level 8 in Slings
  3582 | Sewer    | Reached XP level 7. HP: 15/47 MP: 7/7
  4469 | D:4      | Found a staircase to the Ecumenical Temple.
  4474 | Temple   | Entered the Ecumenical Temple
  4495 | Temple   | Became a worshipper of Warmaster Okawaru
  4665 | D:4      | Reached skill level 1 in Armour
  4733 | D:4      | Reached skill level 5 in Short Blades
  4785 | D:4      | Noticed p0werm0de's ghost (amateur DsAr)
  4880 | D:5      | Entered Level 5 of the Dungeon
  4887 | D:4      | Found a blossoming altar of Fedhas.
  5015 | D:4      | Reached skill level 1 in Invocations
  5458 | D:4      | Found a sacrificial altar of Ru.
  5987 | D:5      | Reached skill level 9 in Slings
  5987 | D:5      | Reached XP level 8. HP: 46/54 MP: 9/9
  6138 | D:5      | Found a shimmering altar of Xom.
  6139 | D:5      | Found a shimmering altar of Xom.
  6140 | D:5      | Found a shimmering altar of Xom.
  6140 | D:5      | Found a shimmering altar of Xom.
  6563 | D:5      | Noticed Dowan
  6564 | D:5      | Noticed Duvessa
  6599 | D:5      | Reached * piety under Okawaru
  6623 | D:5      | Killed Duvessa
  7140 | D:5      | Slain by an ice beast

Vault maps used:
D:1:      saegor_arrival_simple_d, minmay_misc_feat_iff
D:2:      trog_hazing_becter, uniq_natasha, uniq_robin
D:3:      tso_metal_star, cheibrodos_sewer_entry_drain, minmay_ogre_servants
D:4:      kennysheep_mini, nicolae_ru_the_path_less_chosen, temple_doors_cd
D:5:      xom_redecorated, first_bread, uniq_duvessa
Temple:   chequers_temple_sunken
Sewer:    sewer_minmay_w

Skill      XL: |  1  2  3  4  5  6  7  8 |
---------------+-------------------------+-----
Slings         | 6 7 8 9 |  9.6
Fighting       | 2 3 4 |  4.1
Short Blades   | 1 2 3 4 5 |  5.8
Armour         | 1 3 |  3.2
Invocations    | 1 2 |  2.9
Dodging        | |  2.1
Stealth        | |  1.1

Action                   |  1- 3 |  4- 6 |  7- 9 || total
-------------------------+-------+-------+-------++-------
Melee: Short sword       |    22 |       |       ||    22
       Dagger            |    73 |   268 |   418 ||   759
Invok: Heroism           |       |       |     1 ||     1
  Use: Scroll            |       |     1 |     3 ||     4
       Potion            |       |     2 |     3 ||     5
 Stab: Sleeping          |     3 |     2 |     4 ||     9
  Eat: Chunk             |     1 |     8 |    10 ||    19
       Fruit             |       |       |     1 ||     1
Armor: Leather armour    |    26 |    65 |    56 ||   147
Dodge: Dodged            |    64 |   234 |   238 ||   536
